 Dungeon Crawl Stone Soup version bcrawl-1.41 (webtiles) character file.

Game seed: 17055273252323823617

226377 Vire the Geomancer (level 10, -4/66 HPs)
             Began as an Octopode Earth Elementalist on Mar 26, 2024.
             Was a High Priest of Sif Muna.
             Slain by a red ugly thing (7 damage)
             ... while petrified by a basilisk
             ... on level 10 of the Dungeon on Apr 2, 2024.
             The game lasted 01:00:50 (11265 turns).

Vire the Geomancer (Octopode Earth Elementalist)   Turns: 11265, Time: 01:00:50

Health: -4/66      AC:  1    Str:  8    XL:     10   Next: 48%
Magic:  15/19      EV:  2    Int: 21    God:    Sif Muna [*****.]
Gold:   750        SH:  0    Dex: 12    Spells: 1/21 levels left

rFire    . . .     GDR:     24% j - +0 dagger
rCold    + . .     SeeInvis .   x - +0 buckler
rNeg     + + +     Gourm    .   (helmet restricted)
rPois    ∞         Faith    .   (cloak restricted)
rElec    .         Spirit   .   g - amulet of the acrobat
rCorr    .         Reflect  .   d - ring of stealth
MR       .....                  z - ring of protection from fire
Stlth    +++++.....             C - ring of ice (curse)
HPRegen  0.21/turn              (no ring)
MPRegen  0.16/turn              (no ring)
                                (no ring)
                                (no ring)
                                (no ring)

@: petrified
A: almost no armour, stealthy swim, resist paralysis, amphibious, 8 rings,
constrict 8, camouflage 1, gelatinous body 1
a: Divine Energy, Channel Magic, Forget Spell, Moment of Magic, Renounce
Religion


You were on level 10 of the Dungeon.
You worshipped Sif Muna.
Sif Muna was extremely pleased with you.
You were not hungry.

You visited 1 branch of the dungeon, and saw 10 of its levels.
You also visited: Sewer.

You collected 750 gold pieces.

Inventory:

Hand Weapons
 j - a +0 dagger (weapon)
Missiles
 b - 357 stones (quivered)
Armour
 x - a +0 buckler (worn)
Jewellery
 d - a ring of stealth (left tentacle)
 g - an amulet of the acrobat (around mantle)
 z - a ring of protection from fire (right tentacle)
 A - an uncursed amulet of the gourmand
 C - a cursed ring of ice (on tentacle)
Wands
 s - a wand of flame (33)
 B - a wand of digging (8)
Scrolls
 a - 5 scrolls of remove curse
 c - a scroll of enchant armour {unknown}
 f - 3 scrolls of teleportation
 k - a scroll of immolation {unknown}
 o - 3 scrolls of blinking {unknown}
 v - 2 scrolls of amnesia {unknown}
 y - 2 scrolls of fog {unknown}
Potions
 h - 3 potions of agility
 i - a potion of lignification {unknown}
 l - a potion of curing
 m - 2 potions of might
 n - 3 potions of magic
 p - 4 potions of heal wounds
 q - 5 potions of flight
 r - 5 potions of haste
 t - 2 potions of invisibility
 u - 2 potions of berserk rage
 w - a potion of resistance
Comestibles
 e - 19 rations {!d}


   Skills:
 - Level 5.0 Fighting
 - Level 2.0 Dodging
 - Level 4.0 Stealth
 - Level 6.0 Shields
 - Level 1.0 Unarmed Combat
 - Level 6.0 Spellcasting
 - Level 2.0 Conjurations
 + Level 0.5 Summonings
 - Level 5.0 Transmutations
 + Level 0.5 Air Magic
 - Level 10.0 Earth Magic


You had one spell level left.
You knew the following spells:

 Your Spells              Type           Power        Failure   Level  Hunger
a - Sandblast             Erth           #####.       1%          1    None
b - Passwall              Tmut/Erth      #####...     1%          2    None
c - Stone Arrow           Conj/Erth      ####..       4%          3    ##.....
d - Petrify               Tmut/Erth      #####.....   8%          4    ####...
e - Lee's Rapid Deconstr  Erth           #####.....   8%          5    #####..
f - Summon Lightning Spi  Summ/Air       #.......     98%         5    #####..

Your spell library contained the following spells:

 Spells                   Type           Power        Failure   Level  Hunger
 Summon Butterflies       Summ           #.......     14%         1    None
 Apportation              Tloc           #.....       17%         1    None
 Corona                   Hex            #......      17%         1    None
 Infusion                 Chrm           #.......     17%         1    None
 Necrotize                Necr           #.....       17%         1    None
 Slow                     Hex            #.......     17%         1    None
 Searing Ray              Conj           ##......     12%         2    None
 Vampiric Draining        Necr           #.........   45%         3    ##.....
 Tree Form                Hex/Tmut       N/A          52%         4    ####...
 Bolt of Magma            Conj/Fire/Erth ###.......   67%         5    #####..
 Lightning Bolt           Conj/Air       ##......     71%         4    ####...
 Agony                    Necr           #.......     86%         4    ####...
 Animate Dead             Necr           N/A          86%         4    ####...
 Dispel Undead            Necr           #.......     99%         5    #####..
 Bolt of Cold             Conj/Ice       ###.......   100%        6    #######
 Conjure Ball Lightning   Conj/Air       ##........   100%        6    #######
 Deflect Missiles         Chrm/Air       #.........   100%        6    #######
 Infestation              Hex/Tmut/Pois  ##.......    100%        6    #######
 Mana Rupture             Conj/Hex       ##........   100%        7    #######
 Scorpion Form            Tmut/Pois      ###.......   100%        7    #######
 Tornado                  Tloc/Air       #.........   100%        8    #######


Dungeon Overview and Level Annotations

Branches:
Dungeon (10/12)            Temple (0/1) D:7
   Lair: D:7-9          Orc: D:8-11

Altars:
Cheibriados
Elyvilon
Fedhas
Hepliaklqana
Lugonu
Makhleb
Sif Muna
Uskayaw
Wu Jian
Xom
The Shining One

Shops:
D:5 (

Annotations:
D:2 1 runed door
D:8 Harold


Innate Abilities, Weirdness & Mutations

You cannot wear most types of armour.
You are very stealthy in the water. (Stealth+)
Your unusual nervous system resists paralysis.
You are amphibious.
You can wear up to eight rings at the same time.
You can use your tentacles to constrict eight enemies at once.
Your skin changes colour to match your surroundings (Stealth+).
Your rubbery body absorbs attacks. (AC +1, EV +1)


Message History

The basilisk gazes at you. You resist with some effort.
You have turned to stone.
The basilisk bites you! The basilisk gazes at you. You resist with some effort.
The basilisk gazes at you. The red ugly thing punches you.
You are engulfed in flames!!
The basilisk bites you!
The basilisk changes into a human!
The red ugly thing punches you.
You are engulfed in flames!
The red ugly thing punches you!
You are engulfed in flames!!
* * * LOW HITPOINT WARNING * * *
The human hits you but does no damage. The red ugly thing punches you.
* * * LOW HITPOINT WARNING * * *
You are engulfed in flames!!
* * * LOW HITPOINT WARNING * * *
The human hits you.
* * * LOW HITPOINT WARNING * * *
The red ugly thing punches you!
You die...

#..........#########
#.<#######.....#
#....# #.###.#
##.....# #.#
.........# #.###.#
#.###.....## #.....#
##...## #.##..>..
#p#######.# .###
#.@u......# #
##.....#### #.#.#.#
#.#.#... ..#.#####
##...# .$..# #....


You could see a red ugly thing and a human shaped shifter.

Vanquished Creatures
  Joseph (D:9)
  A yak (D:8)
  A hungry ghost (D:7)
  A steam dragon (D:7)
  Eustachio (D:6)
  A crocodile (D:6)
  3 soldier ants (D:9)
  2 ice beasts
  2 sky beasts
  Purgy (Sewer)
  2 orc warriors
  3 phantoms
  A necrophage (D:7)
  4 ogres
  3 bullfrogs
  5 centaurs
  A wyvern skeleton (D:9)
  2 scorpions
  6 killer bees (D:8)
  2 howler monkeys
  An orc priest (D:7)
  3 crimson imps
  A jelly (D:8)
  A quasit (D:8)
  A gnoll shaman (D:7)
  A bullfrog skeleton (D:8)
  11 hounds
  5 orc wizards
  Jessica (D:2)
  An iguana (D:10)
  7 worker ants
  A hound zombie (D:6)
  A worker ant zombie (D:9)
  4 gnolls (D:7)
  12 adders
  A shadow imp (D:6)
  An ooze (D:2)
  2 adder skeletons
  10 worms
  3 dart slugs
  2 leopard geckos
  23 orcs
  4 ball pythons
  5 bats
  5 giant cockroaches
  6 goblins
  5 hobgoblins
  10 jackals
  3 quokkas
  7 frilled lizards
  A jackal skeleton (D:4)
  A jackal zombie (D:7)
  11 kobolds
  2 rats
196 creatures vanquished.

Vanquished Creatures (others)
  2 plants (D:9)
2 creatures vanquished.

Grand Total: 198 creatures vanquished

Notes
Turn   | Place    | Note
-------+----------+-------------------------------------------
     0 | D:1      | Vire the Octopode Earth Elementalist began the quest for
                  | the Orb.
     0 | D:1      | Reached XP level 1. HP: 11/11 MP: 3/3
   141 | D:1      | Reached XP level 2. HP: 17/17 MP: 3/5
   144 | D:1      | Learned a level 2 spell: Passwall
   336 | D:1      | Reached XP level 3. HP: 21/21 MP: 3/6
   340 | D:1      | Learned a level 3 spell: Stone Arrow
   848 | D:2      | Reached skill level 4 in Earth Magic
   930 | D:2      | Found a runed door.
  1133 | D:2      | Reached XP level 4. HP: 27/27 MP: 4/7
  1170 | D:2      | Found a shimmering blue altar of Sif Muna.
  1177 | D:2      | Became a worshipper of Sif Muna the Loreminder
  1427 | D:2      | Noticed Jessica
  1782 | D:2      | Killed Jessica
  2013 | D:3      | Reached skill level 5 in Earth Magic
  2152 | D:3      | Reached skill level 1 in Fighting
  2152 | D:3      | Reached XP level 5. HP: 33/33 MP: 4/8
  2495 | D:3      | Reached * piety under Sif Muna
  3313 | D:4      | Reached skill level 1 in Conjurations
  3332 | D:3      | Identified Sif Muna's Volume of Destructive Ignition (Sif
                  | Muna gifted it to you on level 3 of the Dungeon)
  3332 | D:3      | Received a gift from Sif Muna
  3394 | D:4      | Reached XP level 6. HP: 41/42 MP: 9/9
  3557 | D:4      | Found a glowing drain.
  3561 | Sewer    | Entered a sewer
  3718 | Sewer    | Noticed Purgy
  4030 | Sewer    | Killed Purgy
  4031 | Sewer    | Reached ** piety under Sif Muna
  4193 | D:4      | Reached XP level 7. HP: 15/46 MP: 8/12
  4193 | D:4      | Found a snail-covered altar of Cheibriados.
  4479 | D:4      | Learned a level 4 spell: Petrify
  4850 | D:4      | Found a burning altar of Makhleb.
  5083 | D:5      | Entered Level 5 of the Dungeon
  5083 | D:5      | Found a glowing golden altar of the Shining One.
  5114 | D:5      | Reached skill level 6 in Earth Magic
  5276 | D:5      | Found a hazy altar of Hepliaklqana.
  5362 | D:5      | Reached *** piety under Sif Muna
  5362 | D:5      | Reached XP level 8. HP: 54/54 MP: 1/14
  5425 | D:5      | Found a corrupted altar of Lugonu.
  5511 | D:5      | Found Ysoem's Antique Weapon Emporium.
  6100 | D:6      | Reached skill level 7 in Earth Magic
  6128 | D:6      | Learned a level 5 spell: Lee's Rapid Deconstruction
  6346 | D:6      | Found a hide-covered altar of Uskayaw.
  6346 | D:6      | Found an ornate altar of the Wu Jian Council.
  6556 | D:6      | Reached skill level 8 in Earth Magic
  6556 | D:6      | Reached skill level 1 in Shields
  6708 | D:6      | Noticed Eustachio
  6722 | D:6      | Killed Eustachio
  6825 | D:7      | Reached XP level 9. HP: 53/58 MP: 3/15
  6931 | D:7      | Reached **** piety under Sif Muna
  7181 | D:7      | Found a staircase to the Ecumenical Temple.
  7211 | D:7      | Identified Sif Muna's Tome of Gliding Transformation (Sif
                  | Muna gifted it to you on level 7 of the Dungeon)
  7211 | D:7      | Received a gift from Sif Muna
  7212 | D:7      | Reached skill level 9 in Earth Magic
  7446 | D:7      | Reached skill level 5 in Fighting
  8129 | D:8      | Reached ***** piety under Sif Muna
  8129 | D:8      | Reached skill level 10 in Earth Magic
  8234 | D:8      | Reached skill level 5 in Spellcasting
  8407 | D:8      | Found a shimmering altar of Xom.
  8489 | D:8      | Noticed Harold
  8492 | D:8      | Found a shimmering altar of Xom.
  8708 | D:8      | Reached skill level 5 in Shields
  8708 | D:8      | Reached XP level 10. HP: 54/66 MP: 17/17
  9255 | D:9      | Noticed Joseph
  9275 | D:9      | Killed Joseph
  9631 | D:9      | Found a white marble altar of Elyvilon.
 10023 | D:9      | Found a blossoming altar of Fedhas.
 10751 | D:10     | Entered Level 10 of the Dungeon
 10950 | D:10     | Noticed a yaktaur captain
 10972 | D:10     | Reached skill level 5 in Transmutations
 10978 | D:10     | Learned a level 5 spell: Summon Lightning Spire
 11242 | D:10     | Noticed a cane toad
 11242 | D:10     | a cane toad changed into a basilisk
 11255 | D:10     | Noticed a red ugly thing
 11265 | D:10     | HP: 3/66 [human (shapeshifter) (3)]
 11265 | D:10     | Slain by a red ugly thing

Skill      XL: |  1  2  3  4  5  6  7  8  9 10 |
---------------+-------------------------------+-----
Stealth        | 4 |  4.0
Earth Magic    | 4 5 6 8 10 | 10.0
Fighting       | 1 3 4 5 |  5.0
Conjurations   | 1 2 |  2.0
Spellcasting   | 3 4 5 6 |  6.0
Transmutations | 2 3 5 |  5.0
Shields        | 4 5 6 |  6.0
Dodging        | |  2.0
Unarmed Combat | |  1.0
Summonings     | |  0.5
Air Magic      | |  0.5

Action                   |  1- 3 |  4- 6 |  7- 9 | 10-12 || total
-------------------------+-------+-------+-------+-------++-------
Melee: Unarmed           |     7 |       |       |     3 ||    10
       Constrict         |     3 |    22 |    28 |    16 ||    69
       Tentacles         |     2 |    22 |    37 |    30 ||    91
       Dagger            |     4 |   108 |   135 |    91 ||   338
       Punch             |       |       |     1 |     2 ||     3
Throw: Stone             |       |       |     1 |       ||     1
 Cast: Sandblast         |    41 |    27 |    34 |    14 ||   116
       Stone Arrow       |       |    16 |    74 |    39 ||   129
       Petrify           |       |       |     7 |    10 ||    17
       Lee's Rapid Decon |       |       |       |     1 ||     1
Invok: Divine Energy     |       |     3 |     2 |       ||     5
  Use: Scroll            |       |     7 |     5 |     5 ||    17
       Potion            |       |       |     3 |     2 ||     5
 Stab: Sleeping          |     5 |    20 |    16 |     5 ||    46
       Petrified         |       |       |    21 |    22 ||    43
       Distracted        |       |       |     1 |     2 ||     3
       Petrifying        |       |       |     1 |     2 ||     3
  Eat: Chunk             |     2 |     6 |    14 |     2 ||    24
       Ration            |       |     3 |     5 |     3 ||    11
Armor: Skin              |     3 |     5 |     6 |     5 ||    19
Dodge: Dodged            |     9 |    98 |   100 |    62 ||   269
Block: Buckler           |       |       |    24 |    19 ||    43
